 Dungeon Crawl Stone Soup version 0.31-a0-636-ge1c0e020e0 (webtiles) character file.

Game seed: 16816904426306625582

6 rvierbuc the Conjurer (level 1, 0/13 HPs)
             Began as a Demonspawn Conjurer on Aug 26, 2023.
             Slain by a gnoll
             ... wielding a +0 whip
              (9 damage)
             ... on level 2 of the Dungeon.
             The game lasted 00:01:43 (303 turns).

rvierbuc the Conjurer (Demonspawn Conjurer)          Turns: 303, Time: 00:01:44

Health: 0/13       AC:  2    Str:  7    XL:     1   Next: 75%
Magic:  0/3        EV: 12    Int: 19    God:
Gold:   0          SH:  0    Dex: 11    Spells: 3/4 levels left

rFire   . . .        (no weapon)
rCold   . . .        (no shield)
rNeg    . . .        a - +0 robe
rPois   .            (no helmet)
rElec   .            (no cloak)
rCorr   +            (no gloves)
SInv    .            (no boots)
Will    .....        (no amulet)
Stlth   ++           c - ring of resist corrosion
HPRegen 0.22/turn    (no ring)
MPRegen 0.08/turn

%: no passive effects
@: no status effects
A: no striking features
a: no special abilities


You were on level 2 of the Dungeon.
You visited 1 branch of the dungeon, and saw 2 of its levels.

Inventory:

Armour
 a - a +0 robe (worn)
Jewellery
 c - a ring of resist corrosion (left hand)
Scrolls
 d - a scroll of blinking {unknown}
 e - a scroll of fog {unknown}
 g - a scroll of silence {unknown}
Potions
 b - a potion of magic
 f - a potion of curing {unknown}


   Skills:
 + Level 1.7 Dodging
 + Level 1.9 Stealth
 + Level 2.0 Spellcasting
 + Level 4.2 Conjurations


You had 3 spell levels left.
You knew the following spells:

 Your Spells              Type           Power      Damage    Failure   Level
a - Magic Dart            Conj           72%        1d6       3%          1

Your spell library contained the following spells:

 Spells                   Type           Power      Damage    Failure   Level
 Searing Ray              Conj           36%        2d5       4%          2
 Dazzling Flash           Conj/Hex       20%        N/A       22%         3
 Fulminant Prism          Conj/Hex       5%         3d7       56%         4
 Iskenderun's Mystic Bla  Conj/Tloc      10%        2d4       56%         4


Dungeon Overview and Level Annotations

Branches:
Dungeon (1/15)

Altars:


Message History

Nothing appears to happen.
The bat hits you but does no damage.
The magic dart hits the bat.
The bat is severely wounded.
The bat barely misses you.
The magic dart hits the bat.
You kill the bat!
Your magical contamination has completely faded away.
e - a scroll labelled HOD KOSUESSOT
f - a metallic amethyst potion You enter the shallow water.
Moving in this stuff is going to be slow.
A ball python comes into view.
The ball python hisses angrily.
A ball python is nearby!
The magic dart hits the ball python.
You kill the ball python!
You can't see any susceptible monsters within range! (Use Z to cast anyway.)
A sourceless malevolence fills the Dungeon...
You fall into a shaft and drop 1 floor!
The shaft crumbles and collapses.
A frilled lizard comes into view.
The magic dart hits the frilled lizard.
You kill the frilled lizard!
Magic restored.
Found a stone staircase leading down.
g - a scroll labelled WIAXTUE WULECW A gnoll comes into view.
It is wielding a +0 whip.
The gnoll shouts!
The magic dart hits the gnoll.
The gnoll is moderately wounded.
A gnoll comes into view. It is wielding a +0 flail.
The magic dart hits the gnoll.
The gnoll is heavily wounded.
The gnoll shouts!
You hear a shout!
The magic dart hits the gnoll.
The gnoll is almost dead.
The gnoll hits you with a +0 whip. The gnoll attacks as it pursues you!
The gnoll hits you with a +0 whip!
Ouch! That really hurt!
You die...

### ..# #### # #.# #.>
# #.#.#####.#
#.#####.#
#......##.####@#......
#.##..g.g....#
#.##.....###....# ##
#.......## #....##.
######### #.##.#.##
#.##.... #.##.#.###.#
#.##.#.....# #......##


You could see 2 gnolls.

Vanquished Creatures
  A hobgoblin (D:1)
  A kobold (D:1)
  A quokka (D:1)
  A ball python (D:1)
  A bat (D:1)
  A frilled lizard (D:2)
6 creatures vanquished.

Notes
Turn   | Place    | Note
-------+----------+-------------------------------------------
     0 | D:1      | rvierbuc the Demonspawn Conjurer began the quest for the
                  | Orb.
     0 | D:1      | Reached XP level 1. HP: 13/13 MP: 3/3
   251 | D:1      | You fall into a shaft and drop 1 floor!
   303 | D:2      | Slain by a gnoll

Illustrated notes

Levels and vault maps discovered:
D:1:      saegor_arrival_under_anarchy, layout_loops_ring, serial_shops, shop,
          minmay_pentomino_q2
D:2:      layout_loops_cross, chequers_ecumenical_altar_lobes,
          minmay_misc_feat_tiny, minmay_indecisive_spiral

Action                     || total
---------------------------++-------
   Cast: Magic Dart        ||    12
 Armour: Robe              ||     1
  Dodge: Dodged            ||     1

Table legend: (Time is in decaauts)
 A = Elapsed time spent in this place.
 B = Non-inter-level travel time spent in this place.
 C = Inter-level travel time spent in this place.
 D = Time resting spent in this place.
 E = Time spent auto-exploring this place.
 F = Levels seen in this place.
 G = Mean time per level.
                   A        B        C        D        E       F      G
               +--------+--------+--------+--------+--------+-----+--------+
         Total |    302 |    302 |      0 |      0 |    261 |   2 |  151.0 |
       Dungeon |    302 |    302 |      0 |      0 |    261 |   2 |  151.0 |
               +--------+--------+--------+--------+--------+-----+--------+

Top non-repeatable levels by time:
     D:1: 251 daAuts
     D:2: 51 daAuts
